 Dungeon Crawl Stone Soup version 0.21.0-3-g78d12a8bdd (webtiles) character file.

57722 Pixllover the Severer (level 14, -3/129 HPs)
             Began as a Minotaur Berserker on Jan 13, 2018.
             Was an Elder of Trog.
             Slain by an ettin
             ... wielding a +0 dire flail
              (20 damage)
             ... on level 1 of the Depths.
             The game lasted 00:55:41 (17229 turns).

Pixllover the Severer (Minotaur Berserker)         Turns: 17229, Time: 00:55:42

Health: -3/129     AC: 22    Str: 36    XL:     14   Next: 46%
Magic:  13/13      EV: 12    Int:  4    God:    Trog [****..]
Gold:   1523       SH: 14    Dex: 10    Spells: 13/13 levels left

rFire    x . .     SeeInvis +   v - +1 broad axe "Sucuran" {drain, *Rage rF- Str+9}
rCold    + + .     Gourm    .   D - +0 shield
rNeg     . . .     Faith    .   j - +0 ice dragon scales
rPois    +         Spirit   .   (helmet restricted)
rElec    +         Reflect  .   F - +0 cloak
rCorr    .         Harm     .   I - +2 pair of gloves {archery}
MR       +....     Rnd*Rage +   q - +2 pair of boots
Stlth    ..........             L - amulet of regeneration
HPRegen  0.71/turn              d - ring of poison resistance
MPRegen  0.13/turn              f - ring of see invisible

@: berserk cooldown, slowed, very slow
A: retaliatory headbutt, horns 2, blurry vision 1, fire resistance 1,
electricity resistance
a: Berserk, Trog's Hand, Brothers in Arms, Burn Spellbooks, Renounce Religion


You were on level 1 of the Depths.
You worshipped Trog.
Trog was greatly pleased with you.
You were very hungry.

You visited 2 branches of the dungeon, and saw 16 of its levels.
You also visited: Ice Cave.

You collected 1523 gold pieces.

Inventory:

Hand Weapons
 o - the +5 hand axe of Terror {drain, rF+ rC+ rN+ Int+2}
   (Trog gifted it to you on level 10 of the Dungeon)

   A truly terrible weapon, it drains the life of those it strikes.
   It affects your intelligence (+2).
   It protects you from fire.
   It protects you from cold.
   It protects you from negative energy.
 v - the +1 broad axe "Sucuran" (weapon) {drain, *Rage rF- Str+9}
   (You found it on level 11 of the Dungeon)

   A truly terrible weapon, it drains the life of those it strikes.
   It affects your strength (+9).
   It makes you vulnerable to fire.
   It may make you go berserk in combat.
 M - a +3 executioner's axe of freezing
Missiles
 x - 3 needles of confusion (quivered)
 y - 6 javelins of returning
Armour
 j - +0 ice dragon scales (worn)
 q - a +2 pair of boots (worn)
 D - a +0 shield (worn)
 F - a +0 cloak (worn)
 I - a +2 pair of gloves of archery (worn)
Jewellery
 d - a ring of poison resistance (left hand)
 f - a ring of see invisible (right hand)
 p - a cursed -6 ring of strength {unknown}
 s - an uncursed ring of positive energy
 H - a +4 ring of evasion {unknown}
 L - an amulet of regeneration (around neck)
 N - an uncursed ring of protection from fire {unknown}
 O - a +5 ring of intelligence {unknown}
 Q - an uncursed ring of stealth {unknown}
Wands
 a - a wand of iceblast (9)
 h - a wand of flame (43)
 t - a wand of random effects (51)
 u - a wand of polymorph (7)
 B - a wand of clouds (1)
 G - a wand of paralysis (11)
Scrolls
 g - 4 scrolls of fear
 i - 10 scrolls of remove curse
 w - 2 scrolls of identify
 A - 3 scrolls of teleportation
 C - 3 scrolls of blinking
 E - 2 scrolls of enchant armour
 J - a scroll of immolation
Potions
 b - a potion of invisibility {unknown}
 e - 5 potions of curing
 l - 3 potions of might
 m - 3 potions of agility
 n - 3 potions of ambrosia
 r - 4 potions of haste
 z - 2 potions of brilliance
 K - 2 potions of flight
Comestibles
 c - 25 rations


   Skills:
 + Level 13.5 Fighting
 + Level 19.0(19.1) Axes
   Level 1.6(13.0) Maces & Flails
 + Level 12.6 Armour
 + Level 5.8 Dodging
 + Level 1.7 Stealth
 + Level 12.2 Shields


You had 13 spell levels left.
You didn't know any spells.

Dungeon Overview and Level Annotations

Branches:
Dungeon (15/15)            Temple (0/1) D:7            Lair (0/6) D:10
    Orc (0/2) D:9          Vaults (0/5) D:14         Depths (1/5) D:15

Altars:
Ashenzari
Dithmenos
Elyvilon
Fedhas
Gozag
Qazlal
Ru
Sif Muna
Trog
Uskayaw
Xom
Zin
The Shining One


Innate Abilities, Weirdness & Mutations

You reflexively headbutt those who attack you in melee.
You have a pair of horns on your head.
Scrolls take you a little longer to read.
Your flesh is heat resistant. (rF+)
You are resistant to electric shocks. (rElec)


Message History

The frost giant gestures at you while chanting.
The bolt of cold hits you! You resist.
Found a scroll of magic mapping.
The red ugly thing basks in the mutagenic energy from its kin and changes!
The ettin misses you. You furiously retaliate!
You headbutt the ettin. You block the ettin's attack.
You block the ettin's attack. The ettin barely misses you.
Found a glowing flail.
You block the ettin's attack. The ettin hits you with a dire flail!!
You hit the ettin but do no damage. You drain the ettin!
The ettin is lightly wounded.
You block the ettin's attack. The ettin hits you with a dire flail!!
You hit the ettin. You drain the ettin! You headbutt the ettin.
The ettin is moderately wounded.
You block the ettin's attack. The ettin hits you with a dire flail!!
* * * LOW HITPOINT WARNING * * *
Okay, then.
Your ogre goes berserk!
You feel somewhat more hungry. The ettin hits you with a dire flail!!
You die...

..............#.
........(.......
.............#.
#.##...<...###
#.....$..#
####....#..#
#uuuuu.#####
#C###### #@# #.#
#O# #.# #.# #.#
#)# #.#


You could see 2 ugly things, an ettin and a friendly ogre (berserk).

Vanquished Creatures
  A stone giant (Depths:1)
  A yaktaur captain (D:15)
  2 ice dragons (IceCv)
  4 vault guards (D:14)
  4 hydras
  A death knight (D:11)
  A catoblepas (D:13)
  5 two-headed ogres
  5 centaur warriors
  A queen ant (D:10)
  2 skeletal warriors (D:11)
  An unseen horror (shapeshifter) (D:15)
  3 unseen horrors
  An orc knight (D:15)
  2 wolf spider zombies
  5 ugly things
  A deep elf mage (D:12)
  3 cyclopes
  3 manticores
  2 ice statues (IceCv)
  5 gargoyles
  A yaktaur (D:15)
  2 rime drakes (IceCv)
  3 freezing wraiths
  2 efreet
  6 trolls
  A meliai (shapeshifter) (D:15)
  A merfolk (D:10)
  4 hippogriffs
  Prince Ribbit (D:9)
  6 slime creatures
  A spriggan (D:10)
  2 shadows
  2 vampires
  5 wyverns
  A wraith (D:10)
  45 yaks
  3 hungry ghosts
  6 vampire mosquitoes
  The ghost of bjoernd the Skirmisher, an amateur GrFi (D:4)
  7 wargs
  9 soldier ants
  8 orc warriors
  4 black bears
  2 phantoms
  25 ice beasts
  5 sky beasts
  2 hornet zombies
  2 eyes of draining
  6 ogres
  A tengu (shapeshifter) (D:15)
  3 boggarts (Depths:1)
  14 centaurs
  A crocodile (D:14)
  A big kobold (D:9)
  11 bullfrogs
  8 scorpions
  9 killer bees
  5 howler monkeys
  3 wights (D:8)
  8 crimson imps
  2 quasits
  4 centaur zombies
  5 jellies
  2 bullfrog zombies
  7 hounds
  11 orc wizards
  3 orc priests
  3 bullfrog skeletons
  4 centaur skeletons
  6 iguanas
  Natasha (D:3)
  33 worker ants
  2 killer bee zombies
  3 hound skeletons
  A howler monkey zombie (D:8)
  A worker ant zombie (D:10)
  7 adders
  4 shadow imps
  3 oozes
  2 adder zombies
  An adder skeleton (D:4)
  4 worms (D:9)
  2 leopard geckos
  53 orcs
  2 ball pythons (D:3)
  4 giant cockroaches
  3 goblins
  7 hobgoblins
  11 jackals
  15 kobolds
  4 quokkas
  A ball python skeleton (D:4)
  5 bats
  4 frilled lizards
  A giant cockroach zombie (D:6)
  9 rats
  A butterfly (D:7)
511 creatures vanquished.

Notes
Turn   | Place    | Note
-------+----------+-------------------------------------------
     0 | D:1      | Pixllover the Minotaur Berserker began the quest for the Orb.
     0 | D:1      | Reached XP level 1. HP: 19/19 MP: 0/0
   543 | D:1      | Reached XP level 2. HP: 25/27 MP: 1/1
   679 | D:1      | Reached skill level 4 in Axes
  1175 | D:2      | Found a sacrificial altar of Ru.
  1239 | D:2      | Reached XP level 3. HP: 27/33 MP: 2/2
  1413 | D:2      | Found a shimmering altar of Xom.
  1539 | D:2      | Found a sacrificial altar of Ru.
  1542 | D:2      | Found a deep blue altar of Sif Muna.
  1542 | D:2      | Found a white marble altar of Elyvilon.
  1544 | D:2      | Found a shimmering altar of Xom.
  1544 | D:2      | Found a shimmering altar of Xom.
  1544 | D:2      | Found a stormy altar of Qazlal.
  1595 | D:2      | Found a glowing golden altar of the Shining One.
  1691 | D:2      | Found a faded altar of an unknown god.
  1704 | D:2      | Reached ** piety under Trog
  2390 | D:3      | Noticed Natasha
  2396 | D:3      | Killed Natasha
  2396 | D:3      | Reached XP level 4. HP: 41/41 MP: 3/3
  2455 | D:3      | Reached skill level 5 in Fighting
  2455 | D:3      | Reached skill level 5 in Axes
  2986 | D:4      | Reached XP level 5. HP: 48/48 MP: 4/4
  3062 | D:4      | Noticed bjoernd's ghost (amateur GrFi)
  3074 | D:4      | Killed bjoernd's ghost
  3074 | D:4      | Reached *** piety under Trog
  3074 | D:4      | Reached skill level 6 in Axes
  3074 | D:4      | Reached XP level 6. HP: 52/56 MP: 5/5
  3143 | D:4      | Reached skill level 1 in Stealth
  3439 | D:4      | Found a hide-covered altar of Uskayaw.
  3477 | D:4      | Reached skill level 7 in Axes
  3776 | D:5      | Entered Level 5 of the Dungeon
  3795 | D:5      | Gained mutation: Your flesh is heat resistant. (rF+) [potion of mutation]
  3795 | D:5      | Gained mutation: Scrolls take you a little longer to read. [potion of mutation]
  3795 | D:5      | Gained mutation: You are resistant to electric shocks. (rElec) [potion of mutation]
  3827 | D:5      | Reached XP level 7. HP: 62/62 MP: 6/6
  4689 | D:5      | Reached skill level 1 in Shields
  4997 | D:6      | Reached skill level 8 in Axes
  5080 | D:6      | Reached XP level 8. HP: 67/71 MP: 7/7
  5088 | D:6      | Reached **** piety under Trog
  5112 | D:6      | Reached skill level 5 in Armour
  5351 | D:6      | Reached skill level 9 in Axes
  5697 | D:6      | Found a stormy altar of Qazlal.
  6042 | D:7      | Found a staircase to the Ecumenical Temple.
  6231 | D:7      | Found a blossoming altar of Fedhas.
  6262 | D:7      | Found a shattered altar of Ashenzari.
  6713 | D:8      | Found a glowing silver altar of Zin.
  6800 | D:8      | Reached skill level 10 in Axes
  6805 | D:8      | Reached XP level 9. HP: 60/79 MP: 8/8
  6881 | D:8      | Found an opulent altar of Gozag.
  6986 | D:8      | Noticed a two-headed ogre
  6993 | D:8      | Killed a two-headed ogre
  6993 | D:8      | Reached skill level 11 in Axes
  6993 | D:8      | Reached skill level 5 in Shields
  7137 | D:8      | Found a shadowy altar of Dithmenos.
  7685 | D:9      | Received a gift from Trog
  7706 | D:9      | Reached XP level 10. HP: 67/88 MP: 9/9
  7707 | D:9      | Reached ***** piety under Trog
  7715 | D:9      | Reached skill level 12 in Axes
  7749 | D:9      | Found a staircase to the Orcish Mines.
  8076 | D:9      | Noticed Prince Ribbit
  8085 | D:9      | Killed Prince Ribbit
  8881 | D:9      | Reached skill level 5 in Dodging
  8892 | D:9      | Reached skill level 1 in Maces & Flails
  9125 | D:9      | Noticed a moth of wrath
  9128 | D:9      | Found a bloodstained altar of Trog.
  9246 | D:10     | Entered Level 10 of the Dungeon
  9305 | D:10     | Reached skill level 13 in Axes
  9554 | D:10     | Noticed a queen ant
  9575 | D:10     | Killed a queen ant
  9575 | D:10     | Reached XP level 11. HP: 95/95 MP: 10/10
  9597 | D:10     | Received a gift from Trog
  9632 | D:10     | Found a staircase to the Lair.
 10136 | D:10     | Reached skill level 14 in Axes
 10306 | D:10     | Received a gift from Trog
 10311 | D:10     | Got a smoking hand axe {god gift}
 10312 | D:10     | Identified the +5 hand axe of Terror {drain, rF+ rC+ rN+ Int+2} (Trog gifted it to you on level 10 of the Dungeon)
 10777 | D:11     | Noticed a skeletal warrior
 10780 | D:11     | Noticed a death knight
 10786 | D:11     | Killed a skeletal warrior
 10800 | D:11     | Killed a death knight
 10801 | D:11     | Noticed a skeletal warrior
 10828 | D:11     | Killed a skeletal warrior
 10828 | D:11     | Reached skill level 10 in Fighting
 10828 | D:11     | Reached skill level 10 in Shields
 11109 | D:11     | Noticed a white ugly thing
 11115 | D:11     | Killed a white ugly thing
 11115 | D:11     | Reached XP level 12. HP: 106/106 MP: 11/11
 11277 | D:11     | Got a faintly glowing broad axe
 11278 | D:11     | Identified the +1 broad axe "Sucuran" {drain, *Rage rF- Str+9} (You found it on level 11 of the Dungeon)
 11603 | D:11     | Reached skill level 15 in Axes
 11605 | D:11     | Reached skill level 10 in Armour
 12179 | D:12     | Noticed an eight-headed hydra
 12186 | D:12     | Killed a ten-headed hydra
 12558 | D:12     | Reached ****** piety under Trog
 12617 | D:12     | Received a gift from Trog
 12949 | D:12     | Noticed a two-headed ogre
 12955 | D:12     | Killed a two-headed ogre
 13108 | D:12     | Reached skill level 16 in Axes
 13651 | D:13     | Reached XP level 13. HP: 90/116 MP: 12/12
 14161 | D:14     | Received a gift from Trog
 14211 | D:14     | Reached skill level 17 in Axes
 14599 | D:14     | Found a gate to the Vaults.
 14624 | D:14     | Reached skill level 18 in Axes
 15312 | D:15     | Entered Level 15 of the Dungeon
 15372 | D:15     | Reached XP level 14. HP: 72/127 MP: 13/13
 15642 | D:15     | Found a frozen archway.
 15658 | IceCv    | Entered an ice cave
 15661 | IceCv    | Received a gift from Trog
 15666 | IceCv    | Got a pitted longbow {god gift}
 16870 | D:15     | Found a deep blue altar of Sif Muna.
 16925 | D:15     | Found a staircase to the Depths.
 16943 | D:15     | Reached skill level 19 in Axes
 17203 | Depths:1 | Entered Level 1 of the Depths
 17203 | Depths:1 | Noticed a stone giant
 17211 | Depths:1 | Killed a stone giant
 17215 | Depths:1 | Noticed a frost giant
 17229 | Depths:1 | Slain by an ettin

Skill      XL: |  1  2  3  4  5  6  7  8  9 10 11 12 13 14 |
---------------+-------------------------------------------+-----
Fighting       | 4 5 6 7 8 10 11 12 13 | 13.5
Axes           | 4 5 6 7 8 10 11 13 14 16 18 19 | 19.0
Dodging        | 3 4 5 |  5.8
Armour         | 3 4 6 7 8 9 11 12 | 12.6
Stealth        | 1 |  1.7
Shields        | 1 4 6 8 10 11 12 | 12.2
Maces & Flails | 1 |  1.6

Action                   |  1- 3 |  4- 6 |  7- 9 | 10-12 | 13-15 || total
-------------------------+-------+-------+-------+-------+-------++-------
Melee: Hand axe          |    98 |    91 |   122 |    93 |       ||   404
       Headbutt          |    14 |    13 |    55 |   142 |   117 ||   341
       War axe           |       |       |   186 |   217 |       ||   403
       Dire flail        |       |       |       |    18 |       ||    18
       Broad axe         |       |       |       |   348 |   272 ||   620
       Executioner's axe |       |       |       |       |    43 ||    43
Invok: Berserk           |       |     2 |     3 |     8 |     5 ||    18
       Burn Spellbooks   |       |     1 |     2 |     1 |       ||     4
       Brothers in Arms  |       |       |       |       |     1 ||     1
  Use: Scroll            |       |     9 |     6 |     7 |     3 ||    25
       Potion            |       |     1 |     6 |     1 |     1 ||     9
  Eat: Chunk             |     1 |     5 |     9 |    21 |     2 ||    38
       Ration            |     1 |     1 |     2 |     3 |     4 ||    11
Armor: Animal skin       |    19 |       |       |       |       ||    19
       Chain mail        |     2 |    47 |   169 |    47 |       ||   265
       Plate armour      |       |       |       |   250 |   221 ||   471
       Ice dragon scales |       |       |       |       |    18 ||    18
Dodge: Dodged            |    59 |    39 |    76 |   210 |   139 ||   523
Block: Buckler           |     2 |     6 |       |       |       ||     8
       Shield            |       |     6 |   145 |   365 |   104 ||   620
